 Dungeon Crawl Stone Soup version 0.32-a0-630-g46d191b0ed (webtiles) character file.

Game seed: 17873751959254211912

273 adelrune the Shooter (level 6, 0/47 HPs)
             Began as a Coglin Hunter on Mar 6, 2024.
             Succumbed to a scorpion's poison
             ... on level 5 of the Dungeon.
             The game lasted 00:04:55 (2362 turns).

adelrune the Shooter (Coglin Hunter)                Turns: 2362, Time: 00:04:55

Health: 0/47       AC:  3    Str: 12    XL:     6   Next: 24%
Magic:  6/6        EV: 13    Int:  8    God:
Gold:   157        SH:  0    Dex: 19    Spells: 5/5 levels left

rFire   . . .        a - +2 sling {Anan}
rCold   . . .        d - +0 sling {Tiberius}
rNeg    . . .        c - +0 leather armour
rPois   .            (no helmet)
rElec   .            (no cloak)
rCorr   .            (no gloves)
SInv    .            (no boots)
Will    .....        (amulet unavailable)
Stlth   ++           (ring unavailable)
HPRegen 0.27/turn    (ring unavailable)
MPRegen 0.10/turn    (no gizmo)

%: no passive effects
@: mighty, brilliant, lethally poisoned (0 -> -15), hasted, invisible, revving,
very quick
A: off-hand wielding, slow wielding, warmup strikes, no jewellery
a: Invent Gizmo


You were on level 5 of the Dungeon.
You visited 1 branch of the dungeon, and saw 5 of its levels.

You collected 157 gold pieces.

Inventory:

Hand Weapons
 a - a +2 sling (weapon) {Anan}
 d - a +0 sling (offhand) {Tiberius}
Armour
 c - a +0 leather armour (worn)
Scrolls
 b - a scroll of butterflies
 e - 2 scrolls of fear {unknown}
 i - a scroll of revelation {unknown}
 k - 2 scrolls of identify {unknown}
 l - a scroll of fog {unknown}
 n - 2 scrolls of poison {unknown}
 p - a scroll of immolation {unknown}
 r - a scroll of amnesia {unknown}
 u - a scroll of enchant armour {unknown}
Potions
 g - a potion of might
 j - a potion of curing {unknown}
 m - a potion of enlightenment
 q - a potion of lignification {unknown}
 s - a potion of ambrosia {unknown}
 t - a potion of heal wounds {unknown}


   Skills:
 + Level 3.5 Fighting
 * Level 5.3 Ranged Weapons
 + Level 3.2 Dodging
 - Level 0.7 Stealth


You had 5 spell levels left.
You didn't know any spells.
Your spell library contained the following spells:

 Spells                   Type           Power      Damage    Failure   Level
 Shock                    Conj/Air       0%         1d3       50%         1
 Swiftness                Air            0%         N/A       86%         3
 Airstrike                Air            0%         2d(0-16)  99%         4


Dungeon Overview and Level Annotations

Branches:
Dungeon (5/15)
 Temple: D:4-7

Altars:

Annotations:
D:2 Sigmund


Innate Abilities, Weirdness & Mutations

You can wield a second weapon in your off-hand.
It takes a long time for you to wield or remove held weapons.
Your first few attacks do less damage.
You cannot equip rings or amulets.


Message History

The scorpion stings you.
You shoot a sling bullet.
The sling bullet closely misses the scorpion.
You shoot a sling bullet.
The sling bullet closely misses the scorpion.
The scorpion stings you.
You are poisoned.
The scorpion poisons you! The scorpion stings you.
You are lethally poisoned!
The scorpion poisons you!
You shoot a sling bullet. The sling bullet hits the scorpion.
The scorpion is heavily wounded.
You shoot a sling bullet.
The sling bullet hits the scorpion but does no damage.
The scorpion is heavily wounded.
You feel extremely sick. The scorpion barely misses you.
You are too injured to fight recklessly!
You are too injured to fight recklessly!
You are too injured to fight recklessly!
You are too injured to fight recklessly!
It was a potion of might.
You feel very mighty all of a sudden.
You feel very sick. The scorpion stings you.
* * * LOW HITPOINT WARNING * * *
You are more poisoned.
The scorpion poisons you!
It was a potion of invisibility.
You fade into invisibility!
* * * LOW HITPOINT WARNING * * *
You feel very sick. The scorpion closely misses you. x2
It was a potion of brilliance.
You feel clever all of a sudden.
* * * LOW HITPOINT WARNING * * *
You feel very sick. The scorpion closely misses you.
It was a potion of haste.
You feel yourself speed up.
You die...

#.#.#.###...[.
#.#...........
#.#..?..#.#... ######
#.......$..>? .....#
#..........# ####.#
#........#
####.###.#.....#
.............<.#########
.............#.s@...(...
########################


You could see a scorpion (unable to see you).

Vanquished Creatures
  A scorpion (D:5)
  A bombardier beetle (D:3)
  A hound (D:5)
  Robin (D:2)
  3 gnolls (D:3)
  4 adders
  2 ribbon worms (D:2)
  2 dart slugs
  3 orcs (D:3)
  3 bats
  6 endoplasms
  A giant cockroach (D:3)
  18 goblins
  5 hobgoblins
  2 jackals (D:1)
  4 kobolds
  A quokka (D:1)
  A ball python (D:3)
  4 frilled lizards
  2 rats
65 creatures vanquished.

Notes
Turn   | Place    | Note
-------+----------+-------------------------------------------
     0 | D:1      | adelrune the Coglin Hunter began the quest for the Orb.
     0 | D:1      | Reached XP level 1. HP: 16/16 MP: 1/1
   127 | D:1      | Found a faded altar of an unknown god.
   143 | D:1      | Reached XP level 2. HP: 22/22 MP: 2/2
   505 | D:1      | Reached skill level 4 in Ranged Weapons
   710 | D:2      | Noticed Robin
   734 | D:2      | Killed Robin
   735 | D:2      | Reached XP level 3. HP: 23/28 MP: 3/3
  1078 | D:2      | Reached XP level 4. HP: 34/34 MP: 4/4
  1208 | D:2      | Noticed Sigmund
  1339 | D:3      | Reached XP level 5. HP: 36/41 MP: 5/5
  1781 | D:3      | Reached skill level 5 in Ranged Weapons
  2179 | D:3      | You fall into a shaft and drop 2 floors!
  2179 | D:5      | Entered Level 5 of the Dungeon
  2201 | D:5      | Reached XP level 6. HP: 15/47 MP: 6/6
  2361 | D:5      | HP: 2/47 [poisoned by a scorpion]
  2362 | D:5      | Succumbed to a scorpion's poison

Illustrated notes

Levels and vault maps discovered:
D:1:      giann_wishing_wells, layout_basic,
          hellmonk_ecumenical_altar_slurped_away, dk_noncrumbling_4,
          minmay_tripent
D:2:      layout_basic, uniq_robin, uniq_sigmund
D:3:      minmay_diamond_boxcup, layout_basic, nrook_mini_vaults
D:4:      layout_loops_ring, st_stairs_4, chequers_serial_rivers_small_a
D:5:      layout_loops_ring, mainiacjoe_overflow_small_starburst

Skill      XL: |  1  2  3  4  5 |
---------------+----------------+-----
Dodging        | 2 3 |  3.2
Ranged Weapons | 4 5 |  5.3
Fighting       | 3 |  3.5
Stealth        | |  0.7

Action                     |  1- 3 |  4- 6 || total
---------------------------+-------+-------++-------
   Fire: Sling             |   132 |   172 ||   304
    Use: Potion            |       |     5 ||     5
 Armour: Leather armour    |     9 |    32 ||    41
  Dodge: Dodged            |     6 |    30 ||    36

Table legend: (Time is in decaauts)
 A = Elapsed time spent in this place.
 B = Non-inter-level travel time spent in this place.
 C = Inter-level travel time spent in this place.
 D = Time resting spent in this place.
 E = Time spent auto-exploring this place.
 F = Levels seen in this place.
 G = Mean time per level.
                   A        B        C        D        E       F      G
               +--------+--------+--------+--------+--------+-----+--------+
         Total |   2395 |   2374 |     21 |    325 |   1701 |   5 |  479.0 |
       Dungeon |   2395 |   2374 |     21 |    325 |   1701 |   5 |  479.0 |
               +--------+--------+--------+--------+--------+-----+--------+

Top non-repeatable levels by time:
     D:3: 966 daAuts
     D:1: 673 daAuts
     D:2: 569 daAuts
     D:5: 185 daAuts
     D:4: 1 daAuts
